 Dungeon Crawl Stone Soup version 0.31-a0-40-g1d5085d191 (webtiles) character file.

Game seed: 1033353081795527646

2486 IdlyInterested the Grave Robber (level 9, 0/65 (71) HPs)
             Began as a Demonspawn Wanderer on May 17, 2023.
             Slain by a wight
             ... wielding a +0 trident
              (5 damage)
             ... on level 7 of the Dungeon.
             The game lasted 00:29:18 (6552 turns).

IdlyInterested the Grave Robber (DsWn)              Turns: 6552, Time: 00:29:19

HP:   0/65 (71)     AC:  9    Str: 12    XL:     9   Next: 27%
MP:   17/17         EV: 12    Int: 15    God:
Gold: 472           SH:  0    Dex: 20    Spells: 18/19 levels left

rFire   . . .        X - +3 falchion (freeze)
rCold   . . .        (no shield)
rNeg    . . .        A - +2 leather armour "Taockua" {rCorr Dex+2}
rPois   +            M - +1 helmet
rElec   .            (no cloak)
rCorr   +            (no gloves)
SInv    .            u - +0 pair of boots
Will    +....        (no amulet)
Stlth   ++           P - ring of willpower
HPRegen 0.30/turn    (no ring)
MPRegen 0.15/turn

%: no passive effects
@: drained
A: claws 1, rugged brown scales 1, demonic guardian 2, powered by death 2, agile
1, poison resistance
a: no special abilities


You were on level 7 of the Dungeon.
You visited 2 branches of the dungeon, and saw 8 of its levels.

You collected 472 gold pieces.

Inventory:

Hand Weapons
 a - a +0 falchion
 k - a +0 war axe
 o - a +2 short sword of draining
 r - a +0 rapier
 t - a +0 flail
 x - a +1 heavy flail
 L - a +0 dagger of speed
 N - a +0 trident
 O - a +1 hand axe of flaming
 V - a +1 spear of venom
 X - a +3 falchion of freezing (weapon)
Missiles
 b - 8 boomerangs (quivered)
 i - 59 stones
 F - 6 datura-tipped darts
 H - 7 poisoned darts
 K - 2 silver boomerangs
 S - a throwing net
Armour
 g - a +0 pair of boots
 n - a +0 helmet
 q - a +2 robe of willpower
 u - a +0 pair of boots (worn)
 A - the +2 leather armour "Taockua" (worn) {rCorr Dex+2}
   (You found it on level 3 of the Dungeon)

   Dex:       It affects your dexterity (+2).
   rCorr:     It protects you from acid and corrosion.
 M - a +1 helmet (worn)
 Y - a +1 robe of fire resistance
Magical Staves
 D - the staff of cold "Ilefi" {Drain rPois rC+ rN+ MP+9}
   (You found it on level 3 of the Dungeon)

   [staff of cold]

   Base accuracy: +5 Base damage: 5 Base attack delay: 1.2 This weapon's minimum
   attack delay (0.6) is reached at skill level 12.
   rC:        It protects you from cold.
   rPois:     It protects you from poison.
   rN:        It protects you from negative energy.
   MP:        It affects your magic capacity (+9).
   Drain:     It drains your maximum health when unequipped.
   It falls into the 'Staves' category.
   It is a one-handed weapon.
Jewellery
 P - a ring of willpower (left claw)
Wands
 e - a wand of charming (11)
 U - a wand of light (2)
Scrolls
 c - a scroll of magic mapping {unknown}
 d - 2 scrolls of blinking
 h - a scroll of amnesia
 s - a scroll of silence
 w - a scroll of vulnerability {unknown}
 y - 3 scrolls of teleportation
 G - a scroll of acquirement {unknown}
 I - a scroll of immolation
 J - a scroll of fear
 R - a scroll of poison {unknown}
 T - a scroll of enchant weapon {unknown}
Potions
 f - a potion of attraction {unknown}
 j - a potion of mutation
 l - a potion of might
 m - a potion of berserk rage
 p - 3 potions of lignification
 v - 2 potions of curing
 z - 2 potions of heal wounds {unknown}
 B - a potion of degeneration {unknown}
 C - a potion of brilliance {unknown}
 E - 2 potions of invisibility
 Q - a potion of magic {unknown}
 W - a potion of ambrosia {unknown}


   Skills:
 - Level 6.0 Fighting
 - Level 2.0 Short Blades
 - Level 2.0 Axes
 - Level 2.6 Throwing
 - Level 2.0 Armour
 - Level 2.0 Dodging
 - Level 2.0 Stealth
 + Level 3.8 Unarmed Combat
 + Level 5.6 Spellcasting
 * Level 6.9 Necromancy
 - Level 2.0 Evocations


You had 18 spell levels left.
You knew the following spells:

 Your Spells              Type           Power      Damage    Failure   Level
a - Necrotise             Necr           100%       1d9       1%          1

Your spell library contained the following spells:

 Spells                   Type           Power      Damage    Failure   Level
 Kiss of Death            Conj/Necr      56%        2d9       4%          1
 Dispel Undead            Necr           25%        3d12      11%         4
 Cigotuvi's Dreadful Rot  Necr/Pois/Air  22%        N/A       12%         2
 Ensorcelled Hibernation  Hex/Ice        8%         N/A       30%         2
 Passwall                 Tmut/Erth      3%         N/A       30%         2
 Anguish                  Hex/Necr       7%         N/A       43%         4
 Confusing Touch          Hex            4%         N/A       52%         3
 Spider Form              Tmut/Pois      4%         N/A       52%         3
 Swiftness                Air            4%         N/A       52%         3


Dungeon Overview and Level Annotations

Branches:
Dungeon (7/15)             Temple (1/1) D:4

Altars:
Cheibriados
Dithmenos
Fedhas
Gozag
Hepliaklqana
Makhleb
Okawaru
Ru
Sif Muna
Trog
Uskayaw
Vehumet
Wu Jian
Yredelemnul

Shops:
D:6 (


Innate Abilities, Weirdness & Mutations

You have sharp fingernails.
You are partially covered in rugged brown scales. (AC +1, +3% HP)
A demonic guardian rushes to your aid.
You regenerate health from kills.
You are agile. (Dex +4, Str/Int -1)
Your system is resistant to poisons. (rPois)


Message History

The wight is moderately damaged.
The wight hits you with a +0 spear!
You hit the wight but do no damage. The wight misses you. x2
The wight hits you with a +3 long sword.
You feel drained. The wight barely misses you.
The wight hits you with a +3 long sword.
You feel drained. The wight hits you with a +0 trident.
You hit the wight.
The wight is moderately damaged.
The wight completely misses you. The wight barely misses you.
The wight hits you with a +3 long sword.
You feel drained.
You completely miss the wight.
The wight is moderately damaged.
The wight barely misses you. The wight hits you with a +0 trident.
The wight hits you with a +3 long sword!
You slash the wight!
The wight is severely damaged.
The wight hits you but does no damage. The wight hits you with a +0 trident.
The wight hits you with a +3 long sword.
You hit the wight.
You destroy the wight!
The wight hits you with a +0 spear.
* * * LOW HITPOINT WARNING * * *
You feel drained.
* * * LOW HITPOINT WARNING * * *
The wight hits you with a +0 trident!
* * * LOW HITPOINT WARNING * * *
A demonic guardian appears!
You feel drained.
* * * LOW HITPOINT WARNING * * *
The wight misses you. x2
It was a potion of curing.
You feel better. The wight misses you. The wight barely misses you.
Your hellwing hits the wight! Your hellwing hits the wight. You hit the wight.
The wight is almost destroyed.
The wight hits you with a +0 spear.
* * * LOW HITPOINT WARNING * * *
The wight hits you with a +0 trident.
You die...

##### #...# ##########
#.))# #.<......# #...#
#........# #...#
#....)z@.# #...#
#.....)z.#
#...###.......4#
#..<##.........#
#..............:....z.
#..................##.
#...###.#####........>
............ .....#...#
....#............>...#z.#


You could see 2 wights and a friendly hellwing (summoned).

Vanquished Creatures
  Edmund (D:5)
  3 ice beasts (D:6)
  2 black bears
  2 ogres
  2 phantoms (D:6)
  4 scorpions
  A gnoll sergeant (D:6)
  4 wights (D:7)
  A howler monkey (D:6)
  An orc priest (D:5)
  A hound (D:6)
  4 jellies
  Jessica (D:2)
  Terence (D:2)
  3 iguanas (D:5)
  3 orc wizards (D:5)
  7 adders
  A gnoll (D:6)
  A shadow imp (D:6)
  2 ufetubi
  A worm (D:3)
  A dart slug (D:4)
  25 orcs
  4 ball pythons (D:1)
  5 endoplasms
  3 giant cockroaches
  9 goblins
  7 hobgoblins
  3 jackals (D:2)
  9 quokkas
  A training dummy (D:6)
  8 bats
  3 frilled lizards
  8 kobolds
  6 rats
138 creatures vanquished.

Vanquished Creatures (collateral kills)
  2 ice beasts (D:6)
  A centaur (D:7)
  A bullfrog (D:7)
  2 wights (D:7)
  An iguana (D:6)
  4 gnolls (D:6)
  3 orcs
  A jackal (D:2)
  A kobold (D:3)
  2 training dummies (D:6)
18 creatures vanquished.

Vanquished Creatures (others)
  A hound (D:5)
1 creature vanquished.

Grand Total: 157 creatures vanquished

Notes
Turn   | Place    | Note
-------+----------+-------------------------------------------
     0 | D:1      | IdlyInterested the Demonspawn Wanderer began the quest for
                  | the Orb.
     0 | D:1      | IdlyInterested set off with the following items: a +0 hand
                  | axe, 8 boomerangs, a +0 dagger, a scroll of blinking, a +0
                  | leather armour; and the following spells available to
                  | memorise: Necrotise, Kiss of Death, Cigotuvi's Dreadful
                  | Rot.
     0 | D:1      | Reached XP level 1. HP: 13/13 MP: 2/2
     2 | D:1      | Learned a level 1 spell: Necrotise
   192 | D:1      | Reached skill level 1 in Armour
   275 | D:1      | Gained mutation: You regenerate a little health from kills.
                  | [demonic ancestry]
   275 | D:1      | Reached XP level 2. HP: 20/20 MP: 3/3
   361 | D:1      | Reached skill level 1 in Fighting
   395 | D:1      | Reached skill level 1 in Stealth
   563 | D:1      | Found a faded altar of an unknown god.
   972 | D:1      | Reached skill level 1 in Evocations
   985 | D:1      | Gained mutation: A weak demonic guardian rushes to your
                  | aid. [demonic ancestry]
   985 | D:1      | Reached XP level 3. HP: 26/26 MP: 4/4
  1329 | D:2      | Noticed Jessica
  1333 | D:2      | Killed Jessica
  1560 | D:2      | You fall into a shaft and drop 2 floors!
  1581 | D:3      | Reached XP level 4. HP: 28/33 MP: 0/6
  1831 | D:2      | Reached skill level 1 in Short Blades
  2111 | D:2      | Noticed Terence
  2127 | D:2      | Killed Terence
  2233 | D:2      | Gained mutation: You regenerate health from kills. [demonic
                  | ancestry]
  2233 | D:2      | Reached XP level 5. HP: 39/39 MP: 8/8
  2477 | D:3      | Identified the +2 leather armour "Taockua" {rCorr Dex+2}
  2645 | D:3      | Identified the staff of cold "Ilefi" {Drain rPois rC+ rN+
                  | MP+9}
  3270 | D:4      | Gained mutation: Your system is resistant to poisons.
                  | (rPois) [potion of mutation]
  3270 | D:4      | Gained mutation: You have sharp fingernails. [potion of
                  | mutation]
  3270 | D:4      | Gained mutation: You are agile. (Dex +4, Str/Int -1)
                  | [potion of mutation]
  3410 | D:4      | Found a staircase to the Ecumenical Temple.
  3424 | D:4      | Noticed an ogre
  3442 | D:4      | Killed an ogre
  3443 | D:4      | Reached XP level 6. HP: 47/47 MP: 6/10
  3478 | Temple   | Entered the Ecumenical Temple
  3911 | D:5      | Entered Level 5 of the Dungeon
  4130 | D:5      | Found a runed translucent door.
  4170 | D:5      | Gained mutation: You are partially covered in rugged brown
                  | scales. (AC +1, +3% HP) [demonic ancestry]
  4170 | D:5      | Reached XP level 7. HP: 34/55 MP: 10/12
  4512 | D:5      | Noticed Edmund
  4534 | D:5      | Killed Edmund
  4936 | D:5      | Reached skill level 5 in Fighting
  5094 | D:6      | Mutation became permanent: You have sharp fingernails.
                  | [demonic ancestry]
  5094 | D:6      | Gained mutation: You have sharp fingernails. [demonic
                  | ancestry]
  5094 | D:6      | Reached XP level 8. HP: 63/63 MP: 13/15
  5200 | D:6      | Found an ornate altar of the Wu Jian Council.
  5211 | D:6      | Reached skill level 5 in Spellcasting
  5492 | D:6      | Found a sacrificial altar of Ru.
  5507 | D:6      | Reached skill level 1 in Unarmed Combat
  5549 | D:6      | Found a shimmering blue altar of Sif Muna.
  5550 | D:6      | Found Tocood's Firing Range.
  5560 | D:6      | Reached skill level 5 in Necromancy
  5950 | D:6      | Gained mutation: A demonic guardian rushes to your aid.
                  | [demonic ancestry]
  5950 | D:6      | Reached XP level 9. HP: 71/71 MP: 14/16
  6182 | D:6      | Found an iron altar of Okawaru.
  6550 | D:7      | HP: 3/65 [wight/+0 trident (11)]
  6550 | D:7      | HP: 1/63 [wight/+0 trident (2)]
  6552 | D:7      | Slain by a wight

Illustrated notes

Levels and vault maps discovered:
D:1:      dpeg_arrival_concentric_ovals, layout_basic,
          nicolae_ecumenical_lake_church
D:2:      layout_rooms, serial_forest, infiniplex_forest_lined_2,
          infiniplex_forest_split, infiniplex_forest_3_way,
          infiniplex_forest_lined_1, infiniplex_forest_clump_small,
          infiniplex_forest_straight_3, infiniplex_forest_straight_3,
          uniq_jessica, uniq_terence
D:3:      layout_loops_ring, zin_treasury, chequers_serial_rivers_micro_c,
          st_stairs_13
D:4:      layout_cave_pools, minmay_temple_entry_trees
D:5:      layout_basic, minmay_misc_feat_tower, lightli_church_of_beogh,
          uniq_edmund
D:6:      layout_basic, nicolae_overflow_crystal_walls,
          mainiacjoe_overflow_catwalk_spiral, kennysheep_little_box,
          kennysheep_nub, nicolae_shop_firing_range
D:7:      layout_rooms, tgw_kikubaaqudgha, kennysheep_mini, uniq_pikel,
          uniq_maggie, uniq_joseph
Temple:   minmay_temple_curvy_loop

Skill      XL: |  1  2  3  4  5  6  7  8 |
---------------+-------------------------+-----
Armour         | 1 2 |  2.0
Fighting       | 1 2 3 4 5 6 |  6.0
Stealth        | 1 2 |  2.0
Evocations     | 1 2 |  2.0
Axes           | 2 |  2.0
Spellcasting   | 2 3 4 5 |  5.6
Short Blades   | 1 2 |  2.0
Dodging        | 2 |  2.0
Necromancy     | 3 6 |  6.9
Unarmed Combat | 3 |  3.8
Throwing       | |  2.6

Action                     |  1- 3 |  4- 6 |  7- 9 || total
---------------------------+-------+-------+-------++-------
  Melee: Hand axe          |    56 |       |    18 ||    74
         Short sword       |    33 |   160 |   182 ||   375
         Punch             |     2 |       |     4 ||     6
         Falchion          |       |       |    11 ||    11
  Throw: Boomerang         |       |    13 |    19 ||    32
         Dart              |       |     2 |     3 ||     5
   Cast: Necrotise         |     8 |    11 |    21 ||    40
  Evoke: Wand              |       |       |     1 ||     1
    Use: Scroll            |       |     5 |     3 ||     8
         Potion            |       |     2 |     1 ||     3
   Stab: Sleeping          |     1 |     5 |     3 ||     9
         Distracted        |       |       |     1 ||     1
 Armour: Leather armour    |    28 |    29 |    93 ||   150
         Robe              |     5 |    18 |       ||    23
  Dodge: Dodged            |    78 |   113 |   141 ||   332

Table legend: (Time is in decaauts)
 A = Elapsed time spent in this place.
 B = Non-inter-level travel time spent in this place.
 C = Inter-level travel time spent in this place.
 D = Time resting spent in this place.
 E = Time spent auto-exploring this place.
 F = Levels seen in this place.
 G = Mean time per level.
                   A        B        C        D        E       F      G
               +--------+--------+--------+--------+--------+-----+--------+
         Total |   6543 |   5925 |    618 |    474 |   3712 |   8 |  817.9 |
       Dungeon |   6316 |   5730 |    586 |    474 |   3523 |   7 |  902.3 |
        Temple |    226 |    194 |     32 |      0 |    189 |   1 |  226.0 |
               +--------+--------+--------+--------+--------+-----+--------+

Top non-repeatable levels by time:
     D:1: 1562 daAuts
     D:6: 1204 daAuts
     D:5: 1172 daAuts
     D:3: 874 daAuts
     D:2: 741 daAuts
     D:4: 548 daAuts
  Temple: 226 daAuts
     D:7: 212 daAuts
